 Dungeon Crawl Stone Soup version 0.28-a0-206-gc2c9e32840 (webtiles) character file.

Game seed: 17477708830664986873

53 Whiskey the Skirmisher (level 3, -4/29 HPs)
             Began as a Demonspawn Fighter on Aug 20, 2021.
             Slain by a shadow imp (5 damage)
             ... summoned by Natasha
             ... on level 2 of the Dungeon.
             The game lasted 00:02:02 (1336 turns).

Whiskey the Skirmisher (Demonspawn Fighter)         Turns: 1336, Time: 00:02:03

Health: -4/29      AC:  8    Str: 17    XL:     3   Next: 64%
Magic:  3/3        EV:  7    Int:  9    God:
Gold:   113        SH:  8    Dex: 12    Spells: 2/2 levels left

rFire   . . .      SeeInvis .   a - +0 war axe
rCold   . . .      Faith    .   c - +0 kite shield
rNeg    . . .      Spirit   .   b - +0 scale mail
rPois   .          Reflect  .   (no helmet)
rElec   .          Harm     .   j - +1 cloak
rCorr   .          Rampage  .   (no gloves)
Will    .....                   (no boots)
Stlth   ..........              (no amulet)
HPRegen 0.09/turn               (no ring)
MPRegen 0.08/turn               (no ring)

@: slowed, very slow
A: ignite blood 2
a: no special abilities


You were on level 2 of the Dungeon.
You visited 1 branch of the dungeon, and saw 2 of its levels.

You collected 113 gold pieces.

Inventory:

Hand Weapons
 a - a +0 war axe (weapon)
 i - a +1 short sword of protection
   (You found it on level 1 of the Dungeon)
Armour
 b - a +0 scale mail (worn)
 c - a +0 kite shield (worn)
 j - a +1 cloak (worn)
   (You found it on level 1 of the Dungeon)
Scrolls
 g - a scroll of vulnerability {unknown}
 h - a scroll of summoning {unknown}
 k - 2 scrolls of identify {unknown}
 l - 2 scrolls of amnesia {unknown}
Potions
 d - a potion of might
 e - a potion of curing
 f - a potion of heal wounds {unknown}


   Skills:
 + Level 3.4 Fighting
 + Level 2.3 Axes
 + Level 3.1 Armour
 + Level 3.1 Shields


You had 2 spell levels left.
You didn't know any spells.
Your spell library contained the following spells:

 Spells                   Type           Power      Damage    Failure   Level
 Ensorcelled Hibernation  Hex/Ice        0%         N/A       100%        2
 Spider Form              Tmut/Pois      0%         N/A       100%        3
 Shadow Creatures         Summ           N/A        N/A       100%        6


Dungeon Overview and Level Annotations

Branches:
Dungeon (2/15)

Altars:

Annotations:
D:2 Natasha


Innate Abilities, Weirdness & Mutations

Your demonic aura often causes spilled blood to erupt in flames.


Message History

You kill the goblin!
No target in view!
No target in view!
No target in view!
No target in view!
No target in view!
No target in view!
No target in view!
No target in view!
No target in view!
No target in view!
No target in view!
No target in view!
No target in view!
No target in view!
No target in view!
Things that are here:
a +0 club; a goblin corpse You see here a +0 leather armour.
You now have 106 gold pieces (gained 10).
Found a stone staircase leading down.
Found an escape hatch in the floor.
Found a stone staircase leading up.
There is an escape hatch in the floor here.
l - 2 scrolls labelled KAS KIMUH BIGU You now have 113 gold pieces (gained 7).
k - 2 scrolls labelled CUEMEI CUAB (gained 1) Natasha, Servant of Life and Death comes into view.
You hit Natasha but do no damage.
Natasha mumbles some strange words.
Natasha claws you!
You take 8 damage, and have 21/29 hp.
MASSIVE DAMAGE!!
You barely miss Natasha. You block Natasha's attack.
You barely miss Natasha. You completely miss the shadow imp.
Natasha barely misses you. The shadow imp barely misses you. Natasha claws you.
You block the shadow imp's attack.
You barely miss Natasha. You hit the shadow imp.
Natasha mumbles some strange words.
The shadow imp hits you but does no damage.
Natasha claws you but does no damage.
You take 6 damage, and have 15/29 hp.
MASSIVE DAMAGE!!
You closely miss the shadow imp. You hit Natasha.
You barely miss the shadow imp. The shadow imp closely misses you.
You block the shadow imp's attack. You block Natasha's attack.
You block the shadow imp's attack.
You closely miss the shadow imp. You closely miss Natasha.
You closely miss the shadow imp. The shadow imp hits you.
Natasha extends her claws.
You block Natasha's attack. You block the shadow imp's attack.
Natasha claws you but does no damage. The shadow imp barely misses you.
The shadow imp hits you.
* * * LOW HITPOINT WARNING * * *
You are too injured to fight recklessly!
You are too injured to fight recklessly!
You take 8 damage, and have 7/29 hp.
MASSIVE DAMAGE!!
You are too injured to fight recklessly!
You are too injured to fight recklessly!
You are too injured to fight recklessly!
You are too injured to fight recklessly!
You are too injured to fight recklessly!
Natasha claws you but does no damage. The shadow imp hits you.
* * * LOW HITPOINT WARNING * * *
You take 1 damage, and have 6/29 hp.
You closely miss Natasha. You hit the shadow imp.
Natasha claws you but does no damage. The shadow imp hits you.
* * * LOW HITPOINT WARNING * * *
Natasha claws you but does no damage.
You take 2 damage, and have 4/29 hp.
It was a potion of curing.
You feel better. You block the shadow imp's attack.
Natasha stares at you and mumbles some strange words.
You feel yourself slow down.
You regained 7 hp, and now have 11/29 hp.
You closely miss Natasha. You closely miss the shadow imp.
You hit the shadow imp.
The shadow imp disappears in a puff of smoke!
Natasha claws you but does no damage. The shadow imp hits you.
You block the shadow imp's attack. Natasha claws you.
* * * LOW HITPOINT WARNING * * *
You take 4 damage, and have 7/29 hp.
You closely miss Natasha. You barely miss the shadow imp.
The shadow imp gestures at you.
You barely resist. Natasha claws you but does no damage.
The shadow imp barely misses you. Natasha barely misses you.
The shadow imp hits you but does no damage.
Natasha stares at you and mumbles some strange words.
The magic dart hits you but does no damage.
You barely miss Natasha.
You hit the shadow imp but do no damage.
You block Natasha's attack. You block the shadow imp's attack.
The shadow imp hits you but does no damage.
Natasha claws you.
* * * LOW HITPOINT WARNING * * *
You take 1 damage, and have 6/29 hp.
You closely miss Natasha. You hit the shadow imp.
You block the shadow imp's attack. Natasha claws you but does no damage.
The shadow imp hits you but does no damage.
Natasha claws you.
* * * LOW HITPOINT WARNING * * *
The shadow imp hits you.
You die...

#. .# #. # ..##. #.#.
..... #.........
##..#......
#####...#....!.
##..............
#...##...@h.# #.
..#...$.#5..## #.
###....###......#. .###
#.##.... ##..........#
##..... ##......#
#............ ##......
......#.## #...........#
#....... .........#
#.......#.#.# #.......
.......#.###......##.#.#
#.......
.......#.##........#...#
#.......


You could see Natasha and a shadow imp (summoned).

Vanquished Creatures
  A gnoll (D:1)
  A worm (D:2)
  6 dart slugs
  4 endoplasms
  2 giant cockroaches
  4 goblins
  A hobgoblin (D:2)
  A quokka (D:1)
  3 ball pythons (D:1)
  A bat (D:1)
  2 frilled lizards (D:2)
  2 rats (D:1)
28 creatures vanquished.

Notes
Turn   | Place    | Note
-------+----------+-------------------------------------------
     0 | D:1      | Whiskey the Demonspawn Fighter began the quest for the Orb.
     0 | D:1      | Reached XP level 1. HP: 18/18 MP: 1/1
   317 | D:1      | Reached skill level 2 in Axes
   317 | D:1      | Gained mutation: Your demonic aura sometimes causes spilled
                  | blood to erupt in flames. [demonic ancestry]
   317 | D:1      | Reached XP level 2. HP: 23/24 MP: 2/2
   504 | D:1      | Reached skill level 3 in Armour
   504 | D:1      | Reached skill level 3 in Shields
   504 | D:1      | Gained mutation: Your demonic aura often causes spilled
                  | blood to erupt in flames. [demonic ancestry]
   504 | D:1      | Reached XP level 3. HP: 9/29 MP: 3/3
  1168 | D:2      | Found a faded altar of an unknown god.
  1321 | D:2      | Noticed Natasha
  1329 | D:2      | HP: 7/29 [shadow imp[Natasha] (5)]
  1335 | D:2      | HP: 6/29 [Natasha (2)]
  1336 | D:2      | HP: 1/29 [Natasha (5)]
  1336 | D:2      | Slain by a shadow imp

Illustrated notes

Levels and vault maps discovered:
D:1:      ebering_hopf_link, layout_loops_cross, roderic_roman_lattice
D:2:      layout_rooms, basic_ecumenical_altar, uniq_jessica, uniq_terence,
          uniq_natasha

Skill      XL: |  1  2 |
---------------+-------+-----
Axes           | 2 |  2.3
Armour         | 3 |  3.1
Shields        | 3 |  3.1
Fighting       | |  3.4

Action                   || total
-------------------------++-------
Melee: War axe           ||    84
  Use: Potion            ||     1
Armor: Scale mail        ||    44
Dodge: Dodged            ||    16
Block: Kite shield       ||    52

Table legend: (Time is in decaauts)
 A = Elapsed time spent in this place.
 B = Non-inter-level travel time spent in this place.
 C = Inter-level travel time spent in this place.
 D = Time resting spent in this place.
 E = Time spent auto-exploring this place.
 F = Levels seen in this place.
 G = Mean time per level.
                   A        B        C        D        E       F      G
               +--------+--------+--------+--------+--------+-----+--------+
         Total |   1392 |   1375 |     17 |    215 |    935 |   2 |  696.0 |
       Dungeon |   1392 |   1375 |     17 |    215 |    935 |   2 |  696.0 |
               +--------+--------+--------+--------+--------+-----+--------+

Top non-repeatable levels by time:
     D:1: 1196 daAuts
     D:2: 196 daAuts

Table legend:
 A = Kills in this place as a percentage of kills in entire the game.
 B = Kills by you in this place as a percentage of kills by you in the entire game.
 C = Kills by friends in this place as a percentage of kills by friends in the entire game.
 D = Other kills in this place as a percentage of other kills in the entire game.
 E = Experience gained in this place as a percentage of experience gained in the entire game.
 F = Experience gained in this place divided by the number of levels of this place that you have seen.
                   A       B       C       D       E      F
               +-------+-------+-------+-------+-------+----------------------
         Total | 100.0 | 100.0 |   N/A |   N/A | 100.0 |  38.5
       Dungeon | 100.0 | 100.0 |   N/A |   N/A | 100.0 |  38.5
               +-------+-------+-------+-------+-------+----------------------
